 Dungeon Crawl Stone Soup version 0.28.0-1-gb440e238dd (webtiles) character file.

Game seed: 9695366464323089995

16 Strat the Vandal (level 2, -5/20 HPs)
             Began as an Octopode Hunter on Feb 22, 2022.
             Slain by a worm (6 damage)
             ... on level 2 of the Dungeon.
             The game lasted 00:01:23 (642 turns).

Strat the Vandal (Octopode Hunter)                   Turns: 642, Time: 00:01:24

Health: -5/20      AC:  1    Str: 11    XL:     2   Next: 58%
Magic:  2/2        EV: 13    Int: 13    God:
Gold:   77         SH:  0    Dex: 12    Spells: 1/1 levels left

rFire   . . .      SeeInvis .   b - +0 short sword
rCold   . . .      Faith    .   (no shield)
rNeg    . . .      Spirit   .   (helmet restricted)
rPois   .          Reflect  .   (no amulet)
rElec   .          Harm     .   (no ring)
rCorr   .          Rampage  .   (no ring)
Will    .....                   (no ring)
Stlth   +++.......              (no ring)
HPRegen 0.06/turn               (no ring)
MPRegen 0.08/turn               (no ring)
                                (no ring)
                                (no ring)

@: no status effects
A: almost no armour, amphibious, 8 rings, camouflage 1, gelatinous body 1,
(nimble swimmer 1), tentacles
a: no special abilities


You were on level 2 of the Dungeon.
You visited 1 branch of the dungeon, and saw 2 of its levels.

You collected 77 gold pieces.

Inventory:

Hand Weapons
 a - a +1 hunting sling
 b - a +0 short sword (weapon)
Missiles
 c - 49 sling bullets
 d - 48 stones
Scrolls
 e - a scroll of teleportation {unknown}
 g - a scroll of fog {unknown}
 i - a scroll of magic mapping {unknown}
Potions
 f - a potion of might {unknown}
 h - a potion of mutation {unknown}


   Skills:
 + Level 2.3 Fighting
 * Level 1.7 Short Blades
 - Level 4.0 Slings
 - Level 2.0 Dodging
 - Level 1.3 Stealth


You had one spell level left.
You didn't know any spells.
Your spell library contained the following spells:

 Spells                   Type           Power      Damage    Failure   Level
 Magic Dart               Conj           0%         1d3       30%         1
 Blink                    Tloc           0%         N/A       43%         2
 Call Imp                 Summ           0%         N/A       43%         2
 Lesser Beckoning         Tloc           0%         N/A       67%         3
 Mephitic Cloud           Conj/Pois/Air  0%         N/A       67%         3
 Manifold Assault         Tloc           0%         N/A       100%        5


Dungeon Overview and Level Annotations

Branches:
Dungeon (2/15)

Altars:


Innate Abilities, Weirdness & Mutations

You cannot wear most types of armour.
You are amphibious.
You can wear up to eight rings at the same time.
Your skin changes colour to match your surroundings (Stealth+).
Your rubbery body absorbs attacks. (AC +1, EV +1)
((You are camouflaged when in or above water. (Stealth+)))
You have tentacles for arms and can constrict up to eight enemies at once.


Message History

You see here a ball python corpse.
A bat comes into view.
The bat moves out of view.
Saving game... please wait.
Welcome back, Strat the Octopode Hunter.
Press ? for a list of commands and other information.
A bat is nearby!
You shoot a stone. The stone misses the bat.
The bat hits you.
You shoot a stone. The stone misses the bat.
The bat hits you but does no damage.
You shoot a stone. The stone hits the bat.
You kill the bat!
No target in view!
No target in view!
HP restored.
A worm comes into view.
You shoot a stone. The stone hits the worm.
The worm is lightly wounded.
You shoot a stone. The stone hits the worm.
The worm is moderately wounded.
You shoot a stone. The stone hits the worm.
The worm is heavily wounded.
You shoot a stone. The stone hits the worm.
The worm is heavily wounded.
The worm bites you!
* * * LOW HITPOINT WARNING * * *
b - a +0 short sword (weapon)
You hit the worm but do no damage. You grab the worm.
Your squeeze misses the worm.
The worm is heavily wounded.
You constrict the worm. You hit the worm.
The worm is heavily wounded.
You constrict the worm. The worm bites you!
Ouch! That really hurt!
* * * LOW HITPOINT WARNING * * *
You completely miss the worm. You squeeze the worm.
The worm is severely wounded.
You constrict the worm. The worm bites you.
You die...

#########
#.....@(#
#†#####w#
#.#### (#
#....# .#
#.##.##.#
#........
#........
#
#..#####(#
## #..#
#.# #.


You could see a worm.

Vanquished Creatures
  An endoplasm (D:1)
  5 goblins
  3 kobolds (D:1)
  3 ball pythons
  4 bats
16 creatures vanquished.

Notes
Turn   | Place    | Note
-------+----------+-------------------------------------------
     0 | D:1      | Strat the Octopode Hunter began the quest for the Orb.
     0 | D:1      | Reached XP level 1. HP: 14/14 MP: 1/1
    40 | D:1      | Reached skill level 1 in Short Blades
    43 | D:1      | Reached XP level 2. HP: 18/19 MP: 2/2
   564 | D:2      | Found a faded altar of an unknown god.
   641 | D:2      | HP: 1/20 [worm (12)]
   642 | D:2      | Slain by a worm

Illustrated notes

Levels and vault maps discovered:
D:1:      noname_arrival_rooms_in_the_neighbourhood, layout_rooms,
          minmay_ruptured
D:2:      layout_loops_corners, basic_ecumenical_altar, serial_shops, shop

Skill      XL: |  1 |
---------------+----+-----
Short Blades   | 1 |  1.7
Fighting       | |  2.3
Slings         | |  4.0
Dodging        | |  2.0
Stealth        | |  1.3

Action                   || total
-------------------------++-------
Melee: Short sword       ||    16
       Constrict         ||     4
       Tentacles         ||     3
 Fire: Hunting sling     ||    25
Armor: Skin              ||     3
Dodge: Dodged            ||     9
